 Dungeon Crawl Stone Soup version 0.29-a0-275-g389c0b56f3 (webtiles) character file.

Game seed: 985793465029130395

1861 drugrobin the Cleaver (level 8, -3/66 HPs)
             Began as a Demigod Fighter on Mar 9, 2022.
             Killed by divine providence
             ... invoked by an orc priest
              (15 damage)
             ... on level 7 of the Dungeon.
             The game lasted 00:18:18 (8638 turns).

drugrobin the Cleaver (Demigod Fighter)             Turns: 8638, Time: 00:18:19

Health: -3/66      AC: 12    Str: 29    XL:     8   Next: 59%
Magic:  19/19      EV:  8    Int: 10    God:
Gold:   271        SH:  4    Dex: 11    Spells: 6/7 levels left

rFire   . . .      SeeInvis .   b - +7 dagger of Unaav {venom, rPois rN+ Str+4 Dex-2}
rCold   . . .      Faith    .   c - +0 buckler
rNeg    + . .      Spirit   .   u - +0 chain mail
rPois   +          Reflect  .   k - +1 helmet
rElec   .          Harm     .   (no cloak)
rCorr   +          Rampage  .   (no gloves)
Will    .....                   B - +0 pair of boots
Stlth   ..........              (no amulet)
HPRegen 0.21/turn               i - ring of magical power
MPRegen 0.16/turn               t - ring of resist corrosion

@: no status effects
A: high MP 1, forlorn, divine attributes
a: no special abilities


You were on level 7 of the Dungeon.
You visited 1 branch of the dungeon, and saw 7 of its levels.
You also visited: Sewer.

You collected 271 gold pieces.

Inventory:

Hand Weapons
 a - a +0 war axe
 b - the +7 dagger of Unaav (weapon) {venom, rPois rN+ Str+4 Dex-2}
   (You found it on level 5 of the Dungeon)

   It poisons the flesh of those it strikes.
   Str:       It affects your strength (+4).
   Dex:       It affects your dexterity (-2).
   rPois:     It protects you from poison.
   rN:        It protects you from negative energy.
Missiles
 f - 30 poisoned darts (quivered)
 g - 3 javelins
Armour
 c - a +0 buckler (worn)
 k - a +1 helmet (worn)
 u - a +0 chain mail (worn)
 B - a +0 pair of boots (worn)
Jewellery
 i - a ring of magical power (left hand)
 t - a ring of resist corrosion (right hand)
Wands
 v - a wand of iceblast (13)
 z - a wand of charming (6)
Scrolls
 d - a scroll of fog
 e - 2 scrolls of immolation
 j - a scroll of teleportation
 l - a scroll of vulnerability {unknown}
 m - a scroll of enchant armour {unknown}
 n - a scroll of torment {unknown}
 o - a scroll of blinking {unknown}
 s - a scroll of magic mapping
 y - a scroll of brand weapon
 A - a scroll of noise {unknown}
 C - a scroll of fear {unknown}
Potions
 h - 2 potions of curing
 p - 2 potions of lignification {unknown}
 q - a potion of invisibility {unknown}
 r - a potion of attraction
 w - a potion of haste
 x - 2 potions of mutation {unknown}
 D - a potion of magic {unknown}
 E - 2 potions of cancellation {unknown}
 F - 3 potions of heal wounds
 G - a potion of brilliance {unknown}
 H - a potion of might


   Skills:
 + Level 3.8 Fighting
 + Level 10.4 Axes
 - Level 2.6 Armour
 - Level 2.6 Shields


You had 6 spell levels left.
You knew the following spells:

 Your Spells              Type           Power      Damage    Failure   Level
a - Summon Small Mammal   Summ           0%         N/A       95%         1

Your spell library contained the following spells:

 Spells                   Type           Power      Damage    Failure   Level
 Animate Skeleton         Necr           0%         N/A       95%         1
 Apportation              Tloc           0%         N/A       95%         1
 Call Canine Familiar     Summ           0%         N/A       100%        3
 Stone Arrow              Conj/Erth      0%         3d7       100%        3
 Summon Guardian Golem    Hex/Summ       0%         N/A       100%        3
 Animate Armour           Summ/Erth      0%         N/A       100%        4
 Summon Forest            Summ/Tloc      0%         N/A       100%        5
 Eringya's Noxious Bog    Tmut/Pois      0%         N/A       100%        6
 Summon Hydra             Summ           0%         N/A       100%        7
 Lehudib's Crystal Spear  Conj/Erth      0%         10d2      100%        8


Dungeon Overview and Level Annotations

Branches:
Dungeon (7/15)             Temple (0/1) D:6           Sewer (visited)

Shops:
D:6 *

Annotations:
D:2 Sigmund
D:3 Grinder


Innate Abilities, Weirdness & Mutations

You have an increased reservoir of magic. (+10% MP)
You shall have no god before yourself.
Your divine heritage dramatically boosts your attributes as you level up.


Message History

You struggle to resist.
You puncture the shadow imp!
The shadow imp is almost dead.
The shadow imp barely misses you.
You barely miss the shadow imp.
The shadow imp is almost dead.
The shadow imp barely misses you.
You hit the shadow imp.
The shadow imp is almost dead.
The shadow imp barely misses you.
You puncture the shadow imp!
You kill the shadow imp!
You hit the two-headed ogre.
The two-headed ogre is poisoned.
The two-headed ogre is lightly wounded.
The two-headed ogre hits you with a +0 dire flail!!
The two-headed ogre hits you with a +0 giant spiked club!
The two-headed ogre attacks as you move away!
The two-headed ogre hits you with a +0 dire flail!
* * * LOW HITPOINT WARNING * * *
The two-headed ogre hits you with a +0 giant spiked club!
* * * LOW HITPOINT WARNING * * *
Unknown command.
Okay, then.
A black bear comes into view.
The black bear growls angrily.
Okay, then.
Found 14 gold pieces.
The two-headed ogre looks more healthy.
Found a stone staircase leading down.
Found a ring mail.
Found a pair of gloves.
There is a stone staircase leading down here.
You climb downwards.
The orc warrior shouts!
The orc priest shouts!
You hear a shout!
There is a stone staircase leading up here.
Unknown command.
Found an ichor-stained hunting sling, 15 gold pieces and a scroll of identify.
The orc priest calls down the wrath of Beogh upon you.
Beogh smites you!
You die...

#F..# ...
###.#.##..# #
.........#o.
......o.o .
.........
....#.#.#
####........
#...<......#
###@######.#
#.......)......
#######.....#.#
##...$...
....#.# #.#.# #
.... ..?##


You could see an orc warrior, an orc priest and an orc wizard.

Vanquished Creatures
  Menkaure (D:4)
  2 water moccasins
  A sky beast (D:5)
  A black bear (D:4)
  An ogre (D:5)
  2 necrophages (D:5)
  2 kobold brigands
  4 scorpions
  2 centaur zombies (D:5)
  2 orc priests
  A bullfrog zombie (D:5)
  An iron imp (D:4)
  A jelly (D:4)
  A gnoll shaman (D:5)
  Jessica (D:3)
  An iguana (D:5)
  2 scorpion zombies (D:5)
  2 orc wizards
  A howler monkey zombie (D:5)
  Robin (D:2)
  9 gnolls
  7 adders
  7 river rats (Sewer)
  A shadow imp (D:6)
  An ufetubus (D:5)
  A worm (D:2)
  2 dart slugs
  7 orcs
  2 endoplasms (D:3)
  3 giant cockroaches
  15 goblins
  8 hobgoblins
  5 quokkas
  10 ball pythons
  6 bats
  5 frilled lizards
  25 kobolds
  25 rats
169 creatures vanquished.

Notes
Turn   | Place    | Note
-------+----------+-------------------------------------------
     0 | D:1      | drugrobin the Demigod Fighter began the quest for the Orb.
     0 | D:1      | Reached XP level 1. HP: 18/18 MP: 3/3
   103 | D:1      | Reached skill level 2 in Axes
   418 | D:1      | Reached XP level 2. HP: 25/25 MP: 4/4
   569 | D:1      | Learned a level 1 spell: Summon Small Mammal
   770 | D:2      | Noticed Sigmund
  1042 | D:2      | Noticed Robin
  1049 | D:2      | Reached skill level 3 in Axes
  1059 | D:2      | Killed Robin
  1060 | D:2      | Reached XP level 3. HP: 22/30 MP: 5/5
  1761 | D:2      | Reached skill level 4 in Axes
  1830 | D:2      | Reached XP level 4. HP: 10/37 MP: 6/6
  2384 | D:3      | Noticed Jessica
  2389 | D:3      | Killed Jessica
  3903 | D:4      | Noticed a black bear
  3926 | D:4      | Killed a black bear
  3927 | D:4      | Reached skill level 5 in Axes
  3927 | D:4      | Reached XP level 5. HP: 25/42 MP: 7/7
  4058 | D:4      | Noticed Grinder
  4059 | D:4      | Paralysed by Grinder for 2 turns
  4110 | D:4      | Noticed Menkaure
  4117 | D:4      | Killed Menkaure
  4118 | D:4      | Reached skill level 6 in Axes
  4118 | D:4      | Reached XP level 6. HP: 15/50 MP: 8/8
  4953 | D:4      | Paralysed by Grinder for 7 turns
  4962 | D:4      | Paralysed by Grinder for 6 turns
  4972 | D:4      | Paralysed by Grinder for 6 turns
  4987 | D:4      | Paralysed by Grinder for 7 turns
  5149 | D:3      | Paralysed by Grinder for 6 turns
  5291 | D:4      | Noticed a water moccasin
  5299 | D:4      | Killed a water moccasin
  5300 | D:4      | Reached skill level 7 in Axes
  5418 | D:4      | Reached XP level 7. HP: 56/56 MP: 9/9
  5910 | D:5      | Entered Level 5 of the Dungeon
  6102 | D:5      | Reached skill level 8 in Axes
  6414 | D:5      | Reached skill level 9 in Axes
  6663 | D:5      | Identified the +7 dagger of Unaav {venom, rPois rN+ Str+4
                  | Dex-2}
  6879 | D:5      | Reached XP level 8. HP: 45/62 MP: 10/10
  7705 | D:5      | Reached skill level 10 in Axes
  7768 | D:6      | Noticed a two-headed ogre
  7837 | D:6      | Found a glowing drain.
  7848 | Sewer    | Entered a sewer
  8577 | D:6      | Found Coudokerch's Assorted Antiques.
  8594 | D:6      | HP: 2/66 [two-headed ogre/+0 dire flail (14)]
  8638 | D:7      | Killed from afar by an orc priest

Illustrated notes

Levels and vault maps discovered:
D:1:      saegor_arrival_simple_c, layout_loops_cross,
          chequers_ecumenical_altar_island, minmay_misc_feat_four_crosses,
          moated_statue, serial_park_tiny_1
D:2:      minmay_skewed_foursquare, layout_loops_ring, basic_altar, uniq_robin,
          uniq_sigmund
D:3:      layout_basic, nicolae_overflow_crystal_walls,
          nicolae_wu_jian_glorious_leap, st_stairs_14, uniq_jessica
D:4:      layout_loops_cross, slow_altar_1, mainiacjoe_overflow_alcove_4,
          minmay_misc_feat_doors, uniq_menkaure, uniq_grinder
D:5:      layout_basic, mainiacjoe_overflow_24_doors, bloody_trog,
          nicolae_yredelemnul_corpse_copse, lemuel_coloured_pillars_altar
D:6:      layout_loops_ring, okawaru_gym_becter, nicolae_vehumet_altar_sigil,
          minmay_temple_entry_antechambers, nicolae_ossuary_entry_catacombs,
          serial_shops, nicolae_take_the_stairs, cheibrodos_sewer_entry_sluice
D:7:      layout_basic, uniq_prince_ribbit1

Skill      XL: |  1  2  3  4  5  6  7  8 |
---------------+-------------------------+-----
Axes           | 2 3 4 5 6 7 9 10 | 10.4
Fighting       | 3 |  3.8
Armour         | |  2.6
Shields        | |  2.6

Action                   |  1- 3 |  4- 6 |  7- 9 || total
-------------------------+-------+-------+-------++-------
Melee: War axe           |   116 |   107 |   182 ||   405
       Dagger            |       |       |    93 ||    93
Throw: Dart              |       |    13 |    22 ||    35
       Javelin           |       |     2 |     1 ||     3
  Use: Potion            |     3 |     3 |     1 ||     7
       Scroll            |       |     2 |     6 ||     8
Armor: Scale mail        |    44 |    49 |       ||    93
       Chain mail        |       |    10 |   191 ||   201
Dodge: Dodged            |    54 |    59 |   128 ||   241
Block: Buckler           |    25 |    31 |    52 ||   108

Table legend: (Time is in decaauts)
 A = Elapsed time spent in this place.
 B = Non-inter-level travel time spent in this place.
 C = Inter-level travel time spent in this place.
 D = Time resting spent in this place.
 E = Time spent auto-exploring this place.
 F = Levels seen in this place.
 G = Mean time per level.
                   A        B        C        D        E       F      G
               +--------+--------+--------+--------+--------+-----+--------+
         Total |   8774 |   7997 |    777 |   2144 |   3321 |   8 | 1096.8 |
       Dungeon |   8060 |   7283 |    777 |   2144 |   2952 |   7 | 1151.4 |
         Sewer |    713 |    713 |      0 |      0 |    369 |   1 |  713.0 |
               +--------+--------+--------+--------+--------+-----+--------+

Top non-repeatable levels by time:
     D:3: 2032 daAuts
     D:5: 1817 daAuts
     D:4: 1616 daAuts
     D:2: 1507 daAuts
     D:1: 936 daAuts
   Sewer: 713 daAuts
     D:6: 150 daAuts
     D:7: 0 daAuts
